 Dungeon Crawl Stone Soup version 0.30-a0-49-g1cef19eb02 (webtiles) character file.

Game seed: 18069969848992680959

4 MrFrogsmire the Conjurer (level 1, -2/11 HPs)
             Began as an Octopode Conjurer on Sept 3, 2022.
             Killed by nerve-wracking pain
             ... invoked by Jessica
              (13 damage)
             ... on level 2 of the Dungeon.
             The game lasted 00:00:47 (109 turns).

MrFrogsmire the Conjurer (Octopode Conjurer)         Turns: 109, Time: 00:00:48

Health: -2/11      AC:  1    Str:  6    XL:     1   Next: 70%
Magic:  0/3        EV: 13    Int: 20    God:
Gold:   25         SH:  0    Dex: 10    Spells: 3/4 levels left

rFire   . . .      SeeInvis .    b - +0 dagger
rCold   . . .      Faith    .    (no shield)
rNeg    . . .      Spirit   .    (helmet restricted)
rPois   .          Reflect  .    (no amulet)
rElec   .          Harm     .    (no ring)
rCorr   .          Rampage  .    (no ring)
Will    .....                    (no ring)
Stlth   +++.......               (no ring)
HPRegen 0.03/turn                (no ring)
MPRegen 0.08/turn                (no ring)
                                 (no ring)
                                 (no ring)

@: no status effects
A: almost no armour, amphibious, 8 rings, camouflage 1, gelatinous body 1,
(nimble swimmer 1), tentacles
a: no special abilities


You were on level 2 of the Dungeon.
You visited 1 branch of the dungeon, and saw 2 of its levels.

You collected 25 gold pieces.

Inventory:

Hand Weapons
 b - a +0 dagger (weapon)
Potions
 a - a potion of magic


   Skills:
 + Level 2.0 Dodging
 + Level 2.8 Stealth
 + Level 2.0 Spellcasting
 + Level 4.2 Conjurations


You had 3 spell levels left.
You knew the following spells:

 Your Spells              Type           Power      Damage    Failure   Level
a - Magic Dart            Conj           72%        1d6       2%          1

Your spell library contained the following spells:

 Spells                   Type           Power      Damage    Failure   Level
 Searing Ray              Conj           36%        2d5       4%          2
 Dazzling Flash           Conj/Hex       20%        N/A       21%         3
 Fulminant Prism          Conj/Hex       5%         3d7       54%         4
 Iskenderun's Mystic Bla  Conj/Tloc      10%        2d4       54%         4


Dungeon Overview and Level Annotations

Branches:
Dungeon (2/15)

Altars:

Annotations:
D:2 Jessica


Innate Abilities, Weirdness & Mutations

You cannot wear most types of armour.
You are amphibious.
You can wear up to eight rings at the same time.
Your skin changes colour to match your surroundings (Stealth+).
Your rubbery body absorbs attacks. (AC +1, EV +1)
((You are camouflaged when in or above water. (Stealth+)))
You have tentacles for arms and can constrict up to eight enemies at once.


Message History

You open the door.
A frilled lizard comes into view.
Found a scroll labelled ADUANOTYTE.
The frilled lizard hisses angrily.
There is an open door here.
There is an open door here.
A frilled lizard is nearby!
You miscast Magic Dart.
You are very lightly contaminated with residual magic.
Nothing appears to happen.
The magic dart hits the frilled lizard.
You kill the frilled lizard!
You can't see any susceptible monsters within range! (Use Z to cast anyway.)
There is an open door here.
Your magical contamination has completely faded away.
You see here a kobold corpse.
There is a stone staircase leading down here.
You can't go up here!
You climb downwards.
Found a helmet and 17 gold pieces.
There is a stone staircase leading up here.
You see here a +0 helmet.
There is a stone staircase leading up here.
You now have 25 gold pieces (gained 17).
Magic restored.
Found a scroll labelled PAMEUD PIMI.
You open the door.
Jessica the Apprentice Sorceress comes into view.
She is wielding a +2 dagger of speed.
Found a leather armour.
There is an open door here.
The magic dart hits Jessica but does no damage.
Jessica shouts!
The magic dart hits Jessica.
Jessica is moderately wounded.
The magic dart hits Jessica but does no damage.
Jessica is moderately wounded.
Jessica gestures at you while chanting. Pain shoots through your body!
Ouch! That really hurt!
You die...

.....## ...#
...... ....##
....#####+#......
#......[......#
#.....<.......#
#.............#
#.####.##.###.#
#.# #.# .# # ..#
#@# ..
.###......[##
............#
###..........#
........#...#
...@....#...#
........+....
.#......#####.


You could see Jessica.

Vanquished Creatures
  A hobgoblin (D:1)
  A kobold (D:1)
  A bat (D:1)
  A frilled lizard (D:1)
  A rat (D:1)
5 creatures vanquished.

Notes
Turn   | Place    | Note
-------+----------+-------------------------------------------
     0 | D:1      | MrFrogsmire the Octopode Conjurer began the quest for the
                  | Orb.
     0 | D:1      | Reached XP level 1. HP: 11/11 MP: 3/3
   106 | D:2      | Noticed Jessica
   109 | D:2      | Killed from afar by Jessica

Illustrated notes

Levels and vault maps discovered:
D:1:      roderic_octagonal_star, layout_basic
D:2:      layout_basic, serial_shops, nicolae_shop_trees,
          roderic_serpentine_path, minmay_hexomino_p4, uniq_jessica,
          uniq_terence

Action                   || total
-------------------------++-------
Melee: Dagger            ||     3
       Constrict         ||     1
       Tentacles         ||     1
 Cast: Magic Dart        ||     8
 Stab: Sleeping          ||     1
Dodge: Dodged            ||     1

Table legend: (Time is in decaauts)
 A = Elapsed time spent in this place.
 B = Non-inter-level travel time spent in this place.
 C = Inter-level travel time spent in this place.
 D = Time resting spent in this place.
 E = Time spent auto-exploring this place.
 F = Levels seen in this place.
 G = Mean time per level.
                   A        B        C        D        E       F      G
               +--------+--------+--------+--------+--------+-----+--------+
         Total |    108 |     32 |     76 |      0 |      0 |   2 |   54.0 |
       Dungeon |    108 |     32 |     76 |      0 |      0 |   2 |   54.0 |
               +--------+--------+--------+--------+--------+-----+--------+

Top non-repeatable levels by time:
     D:1: 89 daAuts
     D:2: 18 daAuts
